 Dungeon Crawl Stone Soup version 0.31.0-7-gf635a9b802 (webtiles) character file.

Game seed: 17456221200264968818

1582 Sweeb the Insei (level 8, -6/54 HPs)
             Began as an Octopode Shapeshifter on Jan 24, 2024.
             Shot with an arrow by a centaur (15 damage)
             ... on level 7 of the Dungeon.
             The game lasted 00:05:24 (4451 turns).

Sweeb the Insei (Octopode Shapeshifter)             Turns: 4451, Time: 00:05:24

Health: -6/54      AC:  1    Str: 19    XL:     8   Next: 92%
Magic:  0/8        EV: 14    Int: 12    God:
Gold:   227        SH:  0    Dex: 14    Spells: 7/7 levels left

rFire   . .          .
                       - Unarmed
rCold   . . .        (no shield)
rNeg    + . .        (helmet currently unavailable)
rPois   .            e - amulet of guardian spirit
rElec   .            f - +6 ring of strength
rCorr   .            g - ring of willpower
SInv    .            k - ring of positive energy
Will    +....        (no ring)
Stlth   ++++         (no ring)
HPRegen 0.29/turn    (no ring)
MPRegen 0.11/turn    (no ring)
                     (no ring)

%: guardian spirit
@: beast-form
A: beast (slay +3), almost no armour, amphibious, 8 rings, camouflage 1,
gelatinous body 1, (nimble swimmer 1), tentacles
a: Begin Untransformation


You were on level 7 of the Dungeon.
You were a hulking beast.
You visited 1 branch of the dungeon, and saw 7 of its levels.

You collected 227 gold pieces.

Inventory:

Jewellery
 e - an amulet of guardian spirit (around mantle)
 f - a +6 ring of strength (left tentacle)
 g - a ring of willpower (right tentacle)
 k - a ring of positive energy (on tentacle)
 m - a +5 ring of evasion
 q - a ring of positive energy
Talismans
 b - a beast talisman (active)
 c - a flux talisman
Scrolls
 i - a scroll of identify
 j - a scroll of fear
 o - a scroll of enchant armour
Potions
 a - 3 potions of lignification
 d - 2 potions of heal wounds
 h - 2 potions of enlightenment
 l - a potion of might
 n - a potion of curing
 p - a potion of invisibility
 r - a potion of mutation {unknown}


   Skills:
 + Level 4.1 Fighting
 + Level 4.5 Dodging
 + Level 5.4 Stealth
 * Level 6.5 Unarmed Combat
 * Level 6.0 Shapeshifting


You had 7 spell levels left.
You didn't know any spells.
Your spell library contained the following spells:

 Spells                   Type           Power      Damage    Failure   Level
 Necrotise                Necr           0%         1d4       32%         1
 Vampiric Draining        Necr           0%         2d6       69%         3
 Martyr's Knell           Necr/Summ      0%         N/A       97%         4
 Curse of Agony           Necr           0%         N/A       100%        5


Dungeon Overview and Level Annotations

Branches:
Dungeon (7/15)
 Temple: D:4-7

Altars:

Shops:
D:1 !


Innate Abilities, Weirdness & Mutations

You are a hulking beast.
Your limbs bulge with bestial killing power. (Slay +3)
You cannot wear most types of armour.
You are amphibious.
You can wear up to eight rings at the same time.
Your skin changes colour to match your surroundings (Stealth+).
Your rubbery body absorbs attacks. (AC +1, EV +1)
((You are camouflaged when in or above water. (Stealth+)))
You have tentacles for arms and can constrict up to eight enemies at once.


Message History

Done exploring.
As you read the scroll of identify, it crumbles to dust.
p - a potion of invisibility
Okay, then.
Done exploring.
What level of the Dungeon? (default 6, ? - help)
There is a stone staircase leading down here.
You climb downwards.
There is a stone staircase leading up here.
i - a scroll of identify A bullfrog comes into view.
Found 10 gold pieces.
A bullfrog is nearby!
A bullfrog is nearby!
A centaur comes into view.
The centaur shouts!
The centaur wields a +0 shortbow.
The centaur shoots an arrow.
The arrow misses you. The bullfrog misses you.
The centaur shoots an arrow.
The arrow hits you!
You closely miss the bullfrog. Your grab misses the bullfrog.
The bullfrog snags a nearby small bird with its tongue.
The bullfrog misses you.
The centaur shoots an arrow.
The arrow barely misses you. The bullfrog barely misses you.
You tentacle-slap the bullfrog. You grab the bullfrog.
You squeeze the bullfrog!
The bullfrog is severely wounded.
You constrict the bullfrog.
The centaur shoots an arrow.
The arrow hits you! The bullfrog hits you.
You bludgeon the bullfrog!
You kill the bullfrog!
The centaur shoots an arrow.
The arrow hits you.
The centaur shoots an arrow.
The arrow hits you!
You are too injured to fight recklessly!
You are too injured to fight recklessly!
The centaur shoots an arrow.
The arrow hits you!
* * * LOW HITPOINT WARNING * * *
The centaur shoots an arrow.
The arrow hits you.
* * * LOW HITPOINT WARNING * * *
The centaur shoots an arrow.
The arrow hits you!
You die...

##### #########
#..<# #.......#
#.#.####.......###
# #...............
######.......###
#.........#
#.......#..
#.......#
#..h....#
#$......^#
#...c....#
#...###.## #...#
.# #... .. #... ##
#...


You could see a centaur.

Vanquished Creatures
  Sigmund (D:2)
  A wyvern (D:6)
  A water moccasin (D:3)
  2 black bears (D:6)
  2 ogres (D:5)
  A centaur (D:5)
  3 bullfrogs
  2 scorpions
  2 jellies
  5 hounds
  A sleepcap (D:5)
  An orc priest (D:4)
  6 adders
  2 ufetubi (D:5)
  2 ribbon worms
  2 dart slugs
  13 orcs
  2 ball pythons (D:4)
  4 endoplasms
  3 giant cockroaches
  4 goblins
  7 hobgoblins
  6 jackals
  10 kobolds
  4 quokkas
  6 bats
  4 frilled lizards
  5 rats
102 creatures vanquished.

Notes
Turn   | Place    | Note
-------+----------+-------------------------------------------
     0 | D:1      | Sweeb the Octopode Shapeshifter began the quest for the
                  | Orb.
     0 | D:1      | Reached XP level 1. HP: 13/13 MP: 1/1
   149 | D:1      | Reached XP level 2. HP: 18/18 MP: 2/2
   258 | D:1      | Found Uzip Selawn's Distillery.
   642 | D:1      | Reached skill level 1 in Stealth
   879 | D:1      | Reached XP level 3. HP: 23/23 MP: 3/3
  1107 | D:2      | Noticed Sigmund
  1280 | D:2      | Killed Sigmund
  1281 | D:2      | Reached XP level 4. HP: 12/29 MP: 1/4
  1281 | D:2      | Reached XP level 5. HP: 15/34 MP: 1/5
  1810 | D:3      | Reached XP level 6. HP: 39/39 MP: 6/6
  2063 | D:3      | Noticed a water moccasin
  2072 | D:3      | Killed a water moccasin
  2525 | D:4      | Reached XP level 7. HP: 34/45 MP: 5/7
  2862 | D:5      | Entered Level 5 of the Dungeon
  2865 | D:5      | Reached skill level 5 in Unarmed Combat
  3221 | D:5      | Reached skill level 5 in Shapeshifting
  3265 | D:5      | Reached XP level 8. HP: 47/52 MP: 6/8
  3989 | D:6      | Reached skill level 5 in Stealth
  4108 | D:6      | Noticed a wyvern
  4276 | D:6      | Killed a wyvern
  4451 | D:7      | Shot with an arrow by a centaur

Illustrated notes

Levels and vault maps discovered:
D:1:      minmay_arrival_pointy, layout_basic, serial_shops,
          nicolae_shop_window_shopping, st_stairs_5, minmay_misc_feat_tower
D:2:      layout_rooms, kennysheep_generic_room_4, uniq_sigmund
D:3:      layout_rooms
D:4:      layout_basic, grunt_ministairs_2
D:5:      layout_loops_ring
D:6:      layout_cave_pods
D:7:      layout_rooms, minmay_temple_entry_drinking_statues, uniq_joseph,
          uniq_prince_ribbit1, uniq_jeremiah

Skill      XL: |  1  2  3  4  5  6  7  8 |
---------------+-------------------------+-----
Stealth        | 1 2 3 4 5 |  5.4
Fighting       | 2 3 4 |  4.1
Unarmed Combat | 4 5 6 |  6.5
Shapeshifting  | 4 5 6 |  6.0
Dodging        | 3 4 |  4.5

Action                     |  1- 3 |  4- 6 |  7- 9 || total
---------------------------+-------+-------+-------++-------
  Melee: Unarmed           |    61 |    46 |   105 ||   212
         Constrict         |    14 |    13 |    29 ||    56
         Tentacles         |     9 |    12 |    27 ||    48
         Punch             |       |     2 |     3 ||     5
    Use: Scroll            |     1 |     6 |     5 ||    12
   Stab: Sleeping          |     6 |     7 |     7 ||    20
         Distracted        |       |     1 |     1 ||     2
 Armour: Skin              |    23 |    18 |    54 ||    95
  Dodge: Dodged            |    39 |    19 |    78 ||   136
   Form: Beast             |     2 |       |       ||     2
                           |     1 |       |       ||     1
